 Dungeon Sprint DCSS version 0.27-a0-1332-g84bddb5ca7 (webtiles) character file.

Game seed: 3785248374580586318

14168 mhtbhm the Sorcerer (level 11, -4/55 HPs)
             Began as a Deep Elf Earth Elementalist on June 25, 2021.
             Was the Champion of Vehumet.
             Slain by a vampire knight (42 damage)
             ... in the Dungeon (Sprint VII: "The Pits").
             The game lasted 00:06:43 (2979 turns).

mhtbhm the Sorcerer (Deep Elf Earth Elementalist)   Turns: 2979, Time: 00:06:44

Health: -4/55      AC:  3    Str:  3    XL:     11   Next: 85%
Magic:  19/40      EV: 16    Int: 27    God:    Vehumet [******]
Gold:   0          SH:  0    Dex: 20    Spells: 33/57 levels left

rFire    . . .     SeeInvis .   l - +2 scimitar "Dawug" {venom, rPois Str-2 Int+3 Dex+5}
rCold    . . .     Faith    .   (no shield)
rNeg     . . .     Spirit   .   b - +0 robe
rPois    +         Reflect  .   q - +0 helmet
rElec    .         Harm     .   (no cloak)
rCorr    .         Rampage  .   (no gloves)
Will     +....     NoTele   +   (no boots)
Stlth    +++.......             (no amulet)
HPRegen  0.18/turn              (no ring)
MPRegen  0.27/turn              (no ring)

@: no status effects
A: no striking features
a: Renounce Religion


You were in the Dungeon.
You worshipped Vehumet.
Vehumet was exalted by your worship.
You visited 1 branch

Inventory:

Hand Weapons
 l - the +2 scimitar "Dawug" (weapon) {venom, rPois Str-2 Int+3 Dex+5}
   (You found it in the Dungeon)

   It poisons the flesh of those it strikes.
   It affects your strength (-2).
   It affects your intelligence (+3).
   It affects your dexterity (+5).
   It protects you from poison.
Missiles
 i - 19 stones
Armour
 b - a +0 robe (worn)
 q - a +0 helmet (worn)
Jewellery
 m - a +3 ring of protection
 n - a +3 ring of protection
Scrolls
 j - 5 scrolls of amnesia
 k - a scroll of summoning
Potions
 a - 2 potions of invisibility
 c - 6 potions of curing
 d - 8 potions of heal wounds
 e - a potion of haste
 f - 3 potions of magic
 g - 6 potions of berserk rage
 o - a potion of brilliance
 p - a potion of might


   Skills:
 + Level 0.6 Fighting
 + Level 1.7 Long Blades
 + Level 6.0 Dodging
 + Level 5.9 Stealth
 + Level 23.8 Spellcasting
 + Level 1.4 Conjurations
 + Level 1.4 Transmutations
 + Level 0.9 Fire Magic
 + Level 21.0 Earth Magic


You had 33 spell levels left.
You knew the following spells:

 Your Spells              Type           Power      Damage    Failure   Level
a - Sandblast             Erth           100%       2d20      0%          1
b - Passwall              Tmut/Erth      62%        N/A       0%          2
c - Stone Arrow           Conj/Erth      100%       3d13      1%          3
d - Lee's Rapid Deconstr  Erth           49%        3d24*     0%          5
e - Petrify               Tmut/Erth      75%        N/A       1%          4
f - Sticky Flame          Conj/Fire      38%        2d6       1%          4
g - Bolt of Magma         Conj/Fire/Erth 32%        4d14      1%          5

Your spell library contained the following spells:

 Spells                   Type           Power      Damage    Failure   Level
 Lehudib's Crystal Spear  Conj/Erth      37%        10d9      17%         8


Dungeon Overview and Level Annotations

Branches:
Dungeon (1/1)

Altars:
Ashenzari
Cheibriados
Dithmenos
Elyvilon
Fedhas
Gozag
Hepliaklqana
Kikubaaqudgha
Makhleb
Nemelex Xobeh
Okawaru
Qazlal
Ru
Sif Muna
Trog
Uskayaw
Vehumet
Wu Jian
Xom
Yredelemnul
Zin
The Shining One
Beogh
Jiyva
Lugonu


Message History

You feel your power returning.
The blast of metal fragments hits the orc warrior!!!
You kill the orc warrior!
Vehumet accepts your kill.
Vehumet offers you knowledge of Lehudib's Crystal Spear.
You feel your power returning.
The blast of metal fragments hits the vampire knight!!
The vampire knight is moderately damaged.
Your Earth Magic skill increases to level 21!
Unknown command.
Unknown command.
Casting: Lee's Rapid Deconstruction (safe; 0% risk of failure)
Confirm with . or Enter, or press ? or * to list all spells.
Aiming: Lee's Rapid Deconstruction (safe; 0% risk of failure)
Press: ? - help, Dir - move target A metal wall.
The metal wall shatters!
The blast of metal fragments hits the guardian mummy!!
The guardian mummy is heavily damaged.
The blast of metal fragments hits the vampire knight!
The vampire knight is heavily damaged.
Unknown command.
Unknown command.
Casting: Lee's Rapid Deconstruction (safe; 0% risk of failure)
Confirm with . or Enter, or press ? or * to list all spells.
Aiming: Lee's Rapid Deconstruction (safe; 0% risk of failure)
Press: ? - help, Dir - move target A metal wall.
The metal wall shatters!
The blast of metal fragments hits the vampire knight.
The vampire knight is heavily damaged.
The blast of metal fragments hits the guardian mummy!!
You destroy the guardian mummy!
Vehumet accepts your kill.
You feel your power returning.
You feel extremely nervous for a moment...
Something just walked over your grave.
No, really!
The vampire knight hits you with a +0 great mace!!!
Ouch! That really hurt!
You die...

###################### #
######## #### #
##.)....###...##
###.÷#)#.........## #.
##..##)##.....#...# #V.
##.##...##[..###..# #...
####.....##.##.##.###....
[##.)....#...#.#...#)....
..)......'...).'@V†))....
.##.)....#...#)#...#.....
####.....##.##)##.## ...
##.##...##...###..# .
##..##.##.....#...#
###.)#'#.........## #
##......###...## #
######## #####


You could see a vampire knight.

Vanquished Creatures
  An emperor scorpion (D)
  Nessos (D)
  A hydra (D)
  A death yak (D)
  A fire crab (D)
  2 flayed ghosts (D)
  A deep troll (D)
  A deep elf zephyrmancer (D)
  A swamp dragon (D)
  An orc knight (D)
  A deep elf pyromancer (D)
  An orc sorcerer (D)
  An efreet (D)
  A freezing wraith (D)
  A guardian mummy (D)
  3 trolls (D)
  9 blink frogs (D)
  A flying skull (D)
  2 water elementals (D)
  A wraith (D)
  A shadow (D)
  A redback (D)
  A wyvern (D)
  A basilisk (D)
  A fire bat (D)
  3 vampire mosquitoes (D)
  2 water moccasins (D)
  4 orc warriors (D)
  2 swamp drakes (D)
  2 black bears (D)
  6 wolves (D)
  2 scorpions (D)
  An earth elemental (D)
  2 small abominations (D)
  7 wights (D)
  A crimson imp (D)
  A quasit (D)
  2 orc priests (D)
  A jelly (D)
  2 iguanas (D)
  2 orc wizards (D)
  An adder (D)
  A river rat (D)
  An ufetubus (D)
  7 orcs (D)
  A bat zombie (D)
  3 endoplasms (D)
  A giant cockroach (D)
  A goblin (D)
  A hobgoblin (D)
  A jackal (D)
  A giant cockroach zombie (D)
  2 kobolds (D)
98 creatures vanquished.

Notes
Turn   | Place    | Note
-------+----------+-------------------------------------------
     0 | D        | mhtbhm the Deep Elf Earth Elementalist began the quest for
                  | the Orb.
     0 | D        | Reached XP level 1. HP: 10/10 MP: 6/6
    12 | D        | Noticed an orc warrior
    33 | D        | Found a bloodstained altar of Trog.
    33 | D        | Found a shimmering blue altar of Sif Muna.
    33 | D        | Found a viscous altar of Jiyva.
    33 | D        | Found a hazy altar of Hepliaklqana.
    33 | D        | Found an opulent altar of Gozag.
    34 | D        | Found a glowing golden altar of the Shining One.
    34 | D        | Found a glowing silver altar of Zin.
    34 | D        | Found a basalt altar of Yredelemnul.
    34 | D        | Found a shimmering altar of Xom.
    34 | D        | Found an ornate altar of the Wu Jian Council.
    34 | D        | Found a sacrificial altar of Ru.
    34 | D        | Found a stormy altar of Qazlal.
    34 | D        | Found an iron altar of Okawaru.
    34 | D        | Found a sparkling altar of Nemelex Xobeh.
    34 | D        | Found a burning altar of Makhleb.
    34 | D        | Found a blossoming altar of Fedhas.
    34 | D        | Found a white marble altar of Elyvilon.
    34 | D        | Found a shadowy altar of Dithmenos.
    34 | D        | Found a snail-covered altar of Cheibriados.
    36 | D        | Found a radiant altar of Vehumet.
    36 | D        | Found a corrupted altar of Lugonu.
    37 | D        | Found a hide-covered altar of Uskayaw.
    37 | D        | Found an ancient bone altar of Kikubaaqudgha.
    37 | D        | Found a broken altar of Ashenzari.
    44 | D        | Became a worshipper of Vehumet
   140 | D        | Noticed a scorpion
   143 | D        | Killed a scorpion
   143 | D        | Reached * piety under Vehumet
   143 | D        | Offered knowledge of Freeze by Vehumet.
   144 | D        | Reached skill level 6 in Spellcasting
   144 | D        | Reached XP level 2. HP: 4/15 MP: 4/11
   144 | D        | Reached XP level 3. HP: 6/19 MP: 4/12
   358 | D        | Reached XP level 4. HP: 24/24 MP: 12/14
   361 | D        | Learned a level 2 spell: Passwall
   365 | D        | Learned a level 3 spell: Stone Arrow
   375 | D        | Offered knowledge of Magic Dart by Vehumet.
   375 | D        | Reached ** piety under Vehumet
   442 | D        | Reached skill level 7 in Spellcasting
   504 | D        | Reached *** piety under Vehumet
   505 | D        | Reached skill level 8 in Spellcasting
   505 | D        | Reached XP level 5. HP: 28/28 MP: 10/17
   511 | D        | Learned a level 5 spell: Lee's Rapid Deconstruction
   516 | D        | Learned a level 4 spell: Petrify
   555 | D        | Noticed a fire bat
   560 | D        | Offered knowledge of Ignite Poison by Vehumet.
   560 | D        | Killed a fire bat
   561 | D        | Reached skill level 5 in Dodging
   561 | D        | Reached skill level 10 in Spellcasting
   561 | D        | Reached skill level 10 in Earth Magic
   561 | D        | Reached XP level 6. HP: 32/32 MP: 16/21
   562 | D        | Reached skill level 5 in Stealth
   567 | D        | Reached **** piety under Vehumet
   568 | D        | Reached skill level 11 in Spellcasting
   570 | D        | Reached XP level 7. HP: 36/36 MP: 4/24
   798 | D        | Noticed a flying skull
   800 | D        | Killed a flying skull
   800 | D        | Offered knowledge of Sticky Flame by Vehumet.
   801 | D        | Reached skill level 12 in Spellcasting
   862 | D        | Learned a level 4 spell: Sticky Flame
   865 | D        | Offered knowledge of Lightning Bolt by Vehumet.
   865 | D        | Reached ***** piety under Vehumet
   870 | D        | Reached skill level 13 in Spellcasting
  1050 | D        | Noticed a redback
  1054 | D        | Killed a redback
  1054 | D        | Offered knowledge of Eringya's Noxious Bog by Vehumet.
  1154 | D        | Got the +2 scimitar "Dawug" {venom, rPois Str-2 Int+3
                  | Dex+5}
  1224 | D        | Noticed a wraith
  1226 | D        | Reached XP level 8. HP: 41/41 MP: 22/27
  1228 | D        | Reached skill level 14 in Spellcasting
  1322 | D        | Noticed a deep elf pyromancer
  1323 | D        | Noticed a troll
  1324 | D        | Killed a deep elf pyromancer
  1325 | D        | Reached skill level 15 in Spellcasting
  1325 | D        | Killed a troll
  1326 | D        | Reached skill level 15 in Earth Magic
  1384 | D        | Reached skill level 16 in Spellcasting
  1384 | D        | Reached XP level 9. HP: 45/45 MP: 25/31
  1384 | D        | Offered knowledge of Bolt of Magma by Vehumet.
  1579 | D        | Noticed Nessos
  1580 | D        | Reached ****** piety under Vehumet
  1581 | D        | Reached skill level 17 in Spellcasting
  1582 | D        | Killed Nessos
  1583 | D        | Reached skill level 18 in Spellcasting
  1583 | D        | Noticed an emperor scorpion
  1607 | D        | Killed an emperor scorpion
  1608 | D        | Reached skill level 19 in Spellcasting
  1608 | D        | Reached XP level 10. HP: 24/50 MP: 17/35
  1657 | D        | Learned a level 5 spell: Bolt of Magma
  1855 | D        | Offered knowledge of Spellforged Servitor by Vehumet.
  1944 | D        | Noticed a six-headed hydra
  1949 | D        | Reached skill level 20 in Spellcasting
  1952 | D        | Killed a six-headed hydra
  1953 | D        | Reached skill level 21 in Spellcasting
  2129 | D        | Noticed a deep elf zephyrmancer
  2137 | D        | Killed a deep elf zephyrmancer
  2138 | D        | Reached XP level 11. HP: 41/54 MP: 20/38
  2139 | D        | Offered knowledge of Iskenderun's Battlesphere by Vehumet.
  2217 | D        | Reached skill level 1 in Long Blades
  2217 | D        | Reached skill level 1 in Conjurations
  2226 | D        | Noticed a fire crab
  2228 | D        | Noticed a flayed ghost
  2232 | D        | Killed a fire crab
  2233 | D        | Reached skill level 22 in Spellcasting
  2248 | D        | Killed a flayed ghost
  2428 | D        | Noticed a flayed ghost
  2430 | D        | Killed a flayed ghost
  2433 | D        | Noticed a death yak
  2436 | D        | Killed a death yak
  2437 | D        | Reached skill level 23 in Spellcasting
  2441 | D        | Offered knowledge of Freezing Cloud by Vehumet.
  2529 | D        | Noticed an orc sorcerer
  2532 | D        | Killed an orc sorcerer
  2578 | D        | Noticed a deep troll
  2582 | D        | Killed a deep troll
  2649 | D        | Offered knowledge of Irradiate by Vehumet.
  2736 | D        | Noticed an orc knight
  2742 | D        | Killed an orc knight
  2965 | D        | Noticed a swamp dragon
  2971 | D        | Noticed a vampire knight
  2972 | D        | Killed a swamp dragon
  2977 | D        | Offered knowledge of Lehudib's Crystal Spear by Vehumet.
  2979 | D        | Slain by a vampire knight

Illustrated notes

Levels and vault maps discovered:
D:        pitsprint [storerooms_1, entrance_room_1, metal_vault_3, armoury_1,
          mini_pit_1, grid_room_1, main_hall_1, silver_pit, the_coven_1,
          the_vestibule_1, steel_vault_4, golden_pit, hallway_of_sentries,
          crystal_vault_2, iron_vault_2, final_vault]

Skill      XL: |  1  2  3  4  5  6  7  8  9 10 11 |
---------------+----------------------------------+-----
Dodging        | 3 4 5 6 |  6.0
Stealth        | 3 4 5 |  5.9
Spellcasting   | 6 8 10 11 13 16 19 21 23 | 23.8
Earth Magic    | 6 8 10 11 13 15 17 19 21 | 21.0
Long Blades    | 1 |  1.7
Conjurations   | 1 |  1.4
Fighting       | |  0.6
Transmutations | |  1.4
Fire Magic     | |  0.9

Action                   |  1- 3 |  4- 6 |  7- 9 | 10-12 || total
-------------------------+-------+-------+-------+-------++-------
Melee: Scimitar          |       |       |       |     1 ||     1
 Cast: Sandblast         |     8 |     9 |     1 |     5 ||    23
       Stone Arrow       |       |     3 |       |     3 ||     6
       Lee's Rapid Decon |       |     4 |    30 |    56 ||    90
       Bolt of Magma     |       |       |       |     2 ||     2
  Use: Potion            |       |       |     2 |     4 ||     6
       Scroll            |       |       |       |     1 ||     1
Armor: Robe              |       |     2 |       |     1 ||     3
Dodge: Dodged            |       |     3 |     2 |     8 ||    13
       Rpst.: Scimitar   |       |       |       |     2 ||     2

Table legend: (Time is in decaauts)
 A = Elapsed time spent in this place.
 B = Non-inter-level travel time spent in this place.
 C = Inter-level travel time spent in this place.
 D = Time resting spent in this place.
 E = Time spent auto-exploring this place.
 F = Levels seen in this place.
 G = Mean time per level.
                   A        B        C        D        E       F      G
               +--------+--------+--------+--------+--------+-----+--------+
         Total |   2960 |   2960 |      0 |   2181 |     49 |   1 | 2960.0 |
       Dungeon |   2960 |   2960 |      0 |   2181 |     49 |   1 | 2960.0 |
               +--------+--------+--------+--------+--------+-----+--------+

Top non-repeatable levels by time:
       D: 2960 daAuts
